 Dungeon Crawl Stone Soup version 0.24-a0-536-gdd4cf15266 (webtiles) character file.

Game seed: 6741793660344390412

30 Delarado the Insei (level 3, -2/23 HPs)
             Began as an Octopode Transmuter on Aug 11, 2019.
             Slain by a goblin
             ... wielding a cursed -3 dagger
              (5 damage)
             ... on level 2 of the Dungeon.
             The game lasted 00:03:31 (1078 turns).

Delarado the Insei (Octopode Transmuter)            Turns: 1078, Time: 00:03:31

Health: -2/23      AC:  1    Str: 12    XL:     3   Next: 18%
Magic:  5/6        EV: 13    Int: 16    God:
Gold:   23         SH:  4    Dex: 12    Spells: 3/6 levels left

rFire    . . .     SeeInvis .     - Unarmed
rCold    . . .     Gourm    .   h - +0 buckler
rNeg     . . .     Faith    .   (helmet restricted)
rPois    .         Spirit   .   (no amulet)
rElec    .         Reflect  .   f - +3 ring of strength
rCorr    .         Harm     .   (no ring)
MR       .....                  (no ring)
Stlth    ++........             (no ring)
HPRegen  0.07/turn              (no ring)
MPRegen  0.10/turn              (no ring)
                                (no ring)
                                (no ring)

@: appendage
A: almost no armour, stealthy swim, amphibious, 8 rings, constrict 8, tentacle
spike 3, camouflage 1, gelatinous body 1
a: End Transformation


You were on level 2 of the Dungeon.
You were not hungry.
One of your tentacles had a temporary spike.
You visited 1 branch of the dungeon, and saw 2 of its levels.

You collected 23 gold pieces.

Inventory:

Missiles
 a - 40 arrows
 e - 18 stones (quivered)
Armour
 h - a +0 buckler (worn)
Jewellery
 f - a +3 ring of strength (left tentacle)
Scrolls
 b - a scroll of random uselessness {unknown}
 i - a scroll of noise {unknown}
 j - a scroll of amnesia {unknown}
Potions
 d - 3 potions of lignification {unknown}
Comestibles
 c - 3 rations
 g - a chunk of flesh


   Skills:
 - Level 1.0 Fighting
 - Level 2.0 Dodging
 + Level 1.6 Shields
 - Level 3.0 Unarmed Combat
 - Level 2.0 Spellcasting
 + Level 3.0 Transmutations


You had 3 spell levels left.
You knew the following spells:

 Your Spells              Type           Power        Failure   Level  Hunger
a - Beastly Appendage     Tmut           ##....       9%          1    #......
b - Sticks to Snakes      Tmut           ##......     12%         2    ###....

Your spell library contained the following spells:

 Spells                   Type           Power        Failure   Level  Hunger
 Spider Form              Tmut/Pois      #.........   41%         3    ###....
 Ice Form                 Ice/Tmut       #.......     83%         4    #####..
 Blade Hands              Tmut           ##........   92%         5    ######.


Dungeon Overview and Level Annotations

Branches:
Dungeon (2/15)

Altars:


Innate Abilities, Weirdness & Mutations

You cannot wear most types of armour.
You are very stealthy in the water. (Stealth+)
You are amphibious.
You can wear up to eight rings at the same time.
You can use your tentacles to constrict eight enemies at once.
Your skin changes colour to match your surroundings (Stealth+).
Your rubbery body absorbs attacks. (AC +1, EV +1)
One of your tentacles bears a large vicious spike.


Message History

You tentacle-slap the worm but do no damage.
You pierce the worm, but do no damage.
You squeeze the worm.
The worm is heavily wounded.
You constrict the worm. The leopard gecko bites you.
The goblin hits you but does no damage.
You tentacle-slap the worm.
The worm is severely wounded.
You constrict the worm. The leopard gecko barely misses you.
A worm comes into view.
The worm closely misses you.
You tentacle-slap the worm. Your squeeze misses the worm.
The worm is almost dead.
You constrict the worm.
You kill the worm!
Your Transmutations skill increases to level 3!
You block the goblin's attack. The leopard gecko barely misses you.
The leopard gecko bites you.
* * * LOW HITPOINT WARNING * * *
The goblin hits you with a cursed -3 dagger.
You die...

####### #
##.......#
.#......#.##
......g....###.
#...J@rg.....
#.###l(.....w
.........
?..#.#....
#.....# ...
####### .. .


You could see a worm, an ooze, a leopard gecko, a quokka, a hobgoblin and a
goblin.

Vanquished Creatures
  A worm (D:2)
  3 bats (D:1)
  3 giant cockroaches (D:1)
  A goblin (D:1)
  4 hobgoblins (D:1)
  4 jackals (D:1)
  3 frilled lizards (D:1)
  3 kobolds (D:1)
  3 rats (D:1)
25 creatures vanquished.

Notes
Turn   | Place    | Note
-------+----------+-------------------------------------------
     0 | D:1      | Delarado the Octopode Transmuter began the quest for the
                  | Orb.
     0 | D:1      | Reached XP level 1. HP: 13/13 MP: 3/3
   284 | D:1      | Reached XP level 2. HP: 18/18 MP: 3/5
   377 | D:1      | Reached skill level 1 in Shields
   828 | D:1      | Reached XP level 3. HP: 23/23 MP: 6/6
   853 | D:1      | Learned a level 2 spell: Sticks to Snakes
  1078 | D:2      | Slain by a goblin

Levels and vault maps discovered:
D:1:      giann_forest_graveyard, layout_basic
D:2:      layout_basic, first_ration, chequers_ecumenical_altar_island,
          nicolae_tso_swordbearing_angel, uniq_natasha

Skill      XL: |  1  2  3 |
---------------+----------+-----
Shields        | 1 |  1.6
Transmutations | 3 |  3.0
Fighting       | |  1.0
Dodging        | |  2.0
Unarmed Combat | |  3.0
Spellcasting   | |  2.0

Action                   || total
-------------------------++-------
Melee: Unarmed           ||    48
       Constrict         ||    14
       Kick              ||    11
       Tentacles         ||     7
       Punch             ||     1
 Cast: Beastly Appendage ||    14
 Stab: Sleeping          ||     4
       Distracted        ||     1
  Eat: Chunk             ||     1
Armor: Skin              ||     1
Dodge: Dodged            ||    33
Block: Buckler           ||     5

Table legend:
 A = Non-vault XP
 B = Vault XP
 C = Vault XP percentage of total XP
 D = Non-vault monster count
 E = Vault monster count
 F = Vault count percentage of total count
                 A         B        C        D         E       F
            +---------+---------+-------+---------+---------+-------
      Total |      43 |       0 |   0.0 |      25 |       0 |   0.0
            +---------+---------+-------+---------+---------+-------
        D:1 |      38 |       0 |   0.0 |      24 |       0 |   0.0
        D:2 |       5 |       0 |   0.0 |       1 |       0 |   0.0
            +---------+---------+-------+---------+---------+-------
